 Dungeon Crawl Stone Soup version 0.30-a0-135-g630cfc4551 (webtiles) character file.

Game seed: 8633811763595452900

13 blackman the Digger (level 2, 0/15 HPs)
             Began as a Gargoyle Earth Elementalist on Sept 21, 2022.
             Slain by a ball python (2 damage)
             ... on level 1 of the Dungeon.
             The game lasted 00:01:11 (700 turns).

blackman the Digger (Gargoyle Earth Elementalist)    Turns: 700, Time: 00:01:12

Health: 0/15       AC:  4    Str: 11    XL:     2   Next: 37%
Magic:  4/5        EV:  8    Int: 15    God:
Gold:   43         SH:  0    Dex: 10    Spells: 4/5 levels left

rFire   . . .      SeeInvis .    d - +0 trident
rCold   . . .      Faith    .    (no shield)
rNeg    + . .      Spirit   .    a - +0 robe
rPois   ∞          Reflect  .    (no helmet)
rElec   +          Harm     .    (no cloak)
rCorr   .          Rampage  .    (no gloves)
Will    .....                    (no boots)
Stlth   ++........               (no amulet)
HPRegen 0.05/turn                (no ring)
MPRegen 0.09/turn                (no ring)

@: constricted
A: sickness immunity, AC +2, negative energy resistance 1, electricity
resistance, torment resistance 1, petrification resistance
a: no special abilities


You were on level 1 of the Dungeon.
You visited 1 branch of the dungeon, and saw 1 of its levels.

You collected 43 gold pieces.

Inventory:

Hand Weapons
 d - a +0 trident (weapon)
Armour
 a - a +0 robe (worn)
Scrolls
 e - a scroll of identify {unknown}
Potions
 b - a potion of magic
 c - 2 potions of lignification {unknown}
 f - a potion of degeneration {unknown}


   Skills:
 - Level 1.5 Dodging
 - Level 2.1 Stealth
 - Level 2.0 Spellcasting
 - Level 0.7 Transmutations
 * Level 4.5 Earth Magic


You had 4 spell levels left.
You knew the following spells:

 Your Spells              Type           Power      Damage    Failure   Level
a - Sandblast             Erth           30%        2d9       3%          1

Your spell library contained the following spells:

 Spells                   Type           Power      Damage    Failure   Level
 Passwall                 Tmut/Erth      7%         N/A       12%         2
 Stone Arrow              Conj/Erth      16%        3d8       26%         3
 Petrify                  Tmut/Erth      9%         N/A       58%         4


Dungeon Overview and Level Annotations

Branches:
Dungeon (1/15)

Altars:


Innate Abilities, Weirdness & Mutations

You are immune to sickness and miasma.
Your stone body is resilient. (AC +2)
You are immune to poison.
You resist negative energy. (rN+)
You are resistant to electric shocks. (rElec)
You are resistant to unholy torment.
You are immune to petrification.


Message History

You reach to attack!
The ball python hisses angrily.
You puncture the dart slug!
The dart slug is severely wounded.
The dart slug launches a dart at you. The slug dart misses you.
You miss the frilled lizard. Your punch misses the frilled lizard.
The frilled lizard barely misses you.
You hit the dart slug.
You kill the dart slug!
The ball python bites you but does no damage.
The ball python grabs you. The ball python constricts you.
The frilled lizard barely misses you. The ball python bites you.
The ball python constricts you.
Unknown command.
Casting: Sandblast (safe; 3% risk of failure)
Confirm with . or Enter, or press ? or * to list all spells.
Aiming: Sandblast (safe; 3% risk of failure)
Press: ? - help, Shift-Dir - straight line, f - frilled lizard
Aim: a frilled lizard (70% to hit)
The blast of sand misses the frilled lizard.
The frilled lizard bites you but does no damage.
The ball python bites you but does no damage.
The ball python constricts you. The frilled lizard bites you.
The ball python bites you but does no damage.
The ball python bites you.
* * * LOW HITPOINT WARNING * * *
The ball python constricts you.
* * * LOW HITPOINT WARNING * * *
Casting: Sandblast (safe; 3% risk of failure)
Confirm with . or Enter, or press ? or * to list all spells.
Aiming: Sandblast (safe; 3% risk of failure)
Press: ? - help, Shift-Dir - straight line, f/p - frilled lizard
Aim: a frilled lizard (70% to hit)
Okay, then.
Unknown command.
The ball python's grasp on you weakens, but your attempt to escape fails.
The frilled lizard barely misses you. The ball python barely misses you.
The ball python bites you.
You die...

... . ... ...#.. ... ..##
#.##..#.#...) ..#
#...........
#.####....#....# #
#.#.....#...#..##. #
###.....##.....>....
#####...........lS....# .
...........##...@S...# ..
##......##...........#...
##......^................
.......###..#.......[.#.
##....####..##.......##
.........................
##....##.#...........####
##.........####......#
...........# #......#


You could see 2 ball pythons and a frilled lizard.

Vanquished Creatures
  A dart slug (D:1)
  2 endoplasms (D:1)
  A hobgoblin (D:1)
  3 kobolds (D:1)
  A quokka (D:1)
  A ball python (D:1)
  A frilled lizard (D:1)
10 creatures vanquished.

Notes
Turn   | Place    | Note
-------+----------+-------------------------------------------
     0 | D:1      | blackman the Gargoyle Earth Elementalist began the quest
                  | for the Orb.
     0 | D:1      | Reached XP level 1. HP: 10/10 MP: 3/3
    36 | D:1      | Reached skill level 4 in Earth Magic
   606 | D:1      | Reached XP level 2. HP: 15/15 MP: 3/5
   700 | D:1      | Slain by a ball python

Illustrated notes

Levels and vault maps discovered:
D:1:      nicolae_arrival_memento_mori, layout_rooms,
          chequers_ecumenical_altar_island, dreamdust_wishing_well

Skill      XL: |  1 |
---------------+----+-----
Earth Magic    | 4 |  4.5
Dodging        | |  1.5
Stealth        | |  2.1
Spellcasting   | |  2.0
Transmutations | |  0.7

Action                   || total
-------------------------++-------
Melee: Unarmed           ||     9
       Trident           ||    11
 Cast: Sandblast         ||     9
 Stab: Sleeping          ||     1
Armor: Robe              ||     9
Dodge: Dodged            ||    17

Table legend: (Time is in decaauts)
 A = Elapsed time spent in this place.
 B = Non-inter-level travel time spent in this place.
 C = Inter-level travel time spent in this place.
 D = Time resting spent in this place.
 E = Time spent auto-exploring this place.
 F = Levels seen in this place.
 G = Mean time per level.
                   A        B        C        D        E       F      G
               +--------+--------+--------+--------+--------+-----+--------+
         Total |    707 |    700 |      7 |    525 |     96 |   1 |  707.0 |
       Dungeon |    707 |    700 |      7 |    525 |     96 |   1 |  707.0 |
               +--------+--------+--------+--------+--------+-----+--------+

Top non-repeatable levels by time:
     D:1: 707 daAuts
